 Dungeon Crawl Stone Soup version 0.28.0-47-ge53b351184 (webtiles) character file.

Game seed: 8429184158758683199

6617 101zpm the Thaumaturge (level 11, -2/67 HPs)
             Began as a Djinni Fire Elementalist on May 2, 2022.
             Killed by an exploding orc warrior (9 damage)
             ... ignited by their inner flame
             ... on level 8 of the Dungeon.
             The game lasted 00:22:12 (13974 turns).

101zpm the Thaumaturge (Djinni Fire Elementalist)  Turns: 13974, Time: 00:22:13

Health: -2/67      AC:  2    Str: 12    XL:     11   Next: 22%
Gold:   438        EV: 13    Int: 20    God:
                   SH:  5    Dex: 15

rFire   + + .      SeeInvis .   D - +2 glaive (vorpal)
rCold   x . .      Faith    .   (shield currently unavailable)
rNeg    + . .      Spirit   .   a - +0 robe
rPois   ∞          Reflect  +   (no helmet)
rElec   .          Harm     .   (no cloak)
rCorr   .          Rampage  .   (no gloves)
Will    +....                   (boots unavailable)
Stlth   +++.......              z - amulet of the Queen {Reflect rN+ Str+5 SH+5}
HPRegen 0.21/turn               (no ring)
MPRegen 0.00/turn               (no ring)

@: flying
A: sickness immunity, fire resistance 2, cold vulnerability 1, float, innate
caster, HP casting, extra vitality 1
a: no special abilities


You were on level 8 of the Dungeon.
You visited 1 branch of the dungeon, and saw 8 of its levels.
You also visited: Bailey.

You collected 438 gold pieces.

Inventory:

Hand Weapons
 D - a +2 vorpal glaive (weapon)
Armour
 a - a +0 robe (worn)
Magical Staves
 i - a staff of fire
Jewellery
 k - a +4 ring of evasion
 z - the amulet of the Queen (around neck) {Reflect rN+ Str+5 SH+5}
   (You found it on level 6 of the Dungeon)

   [amulet of reflection]

   It reflects blocked missile attacks.
   Str:       It affects your strength (+5).
   rN:        It protects you from negative energy.
   SH:        It affects your SH (+5).
 B - a ring of see invisible
Wands
 j - a wand of flame (9)
 p - a wand of digging (1)
 s - a wand of mindburst (14)
 F - a wand of iceblast (10)
Scrolls
 b - a scroll of immolation
 g - a scroll of noise
 l - 5 scrolls of brand weapon
 n - 3 scrolls of teleportation
 q - 3 scrolls of fog {unknown}
 r - 2 scrolls of vulnerability {unknown}
 v - a scroll of holy word {unknown}
 w - a scroll of silence {unknown}
 x - a scroll of fear {unknown}
 y - a scroll of torment {unknown}
 A - 4 scrolls of enchant weapon {unknown}
 E - 2 scrolls of identify
Potions
 c - 4 potions of haste {unknown}
 d - 2 potions of curing {unknown}
 e - 3 potions of mutation {unknown}
 f - 4 potions of heal wounds {unknown}
 h - 2 potions of magic {unknown}
 m - a potion of lignification {unknown}
 o - 3 potions of might {unknown}
 t - 5 potions of flight {unknown}
 u - a potion of cancellation {unknown}
 C - 2 potions of brilliance {unknown}


   Skills:
 + Level 1.5 Fighting
 + Level 3.9 Dodging
 + Level 3.8 Stealth
 + Level 0.8 Shields
 + Level 0.3 Unarmed Combat
 + Level 12.2 Spellcasting


You had 8 spell levels left.
You knew the following spells:

 Your Spells              Type           Power      Damage    Failure   Level
a - Foxfire               Conj/Fire      100%       2x1d9     1%          1
b - Scorch                Fire           100%       2d10      1%          2
c - Conjure Flame         Conj/Fire      57%        6-21      1%          3
d - Inner Flame           Hex/Fire       57%        N/A       1%          3
e - Flame Wave            Conj/Fire      57%        2d11      1%          4
f - Magic Dart            Conj           100%       1d8       1%          1
g - Ensorcelled Hibernat  Hex/Ice        100%       N/A       1%          2
h - Ozocubu's Armour      Ice            57%        N/A       1%          3
i - Spider Form           Tmut/Pois      57%        N/A       1%          3
j - Summon Lightning Spi  Summ/Air       57%        N/A       1%          4
Your spell library was empty.

Dungeon Overview and Level Annotations

Branches:
Dungeon (8/15)             Temple (0/1) D:6          Bailey (visited)
   Lair: D:8-11

Altars:
Fedhas
Gozag
Nemelex Xobeh
Uskayaw

Shops:
D:8 ?

Annotations:
D:4 exclusion: oklob plant
D:7 Psyche


Innate Abilities, Weirdness & Mutations

You are immune to sickness and miasma.
You are immune to poison.
Your flesh is very heat resistant. (rF++)
You are vulnerable to cold. (rC-)
You float through the air rather than walking.
You learn spells naturally, not from books.
Your magical power is your life essence.
You have superior vitality. (+4 MHP)


Message History

The orc warrior throws a stone.
The stone hits you!
Casting: Foxfire (safe; 1% risk of failure)
Confirm with . or Enter, or press ? or * to list all spells.
Flames lash the orc warrior but do no damage.
You are too injured to fight recklessly!
Casting: Foxfire (safe; 1% risk of failure)
Press: ? - help, Q - select action, (/) - cycle Dir - look around, f - activate You conjure some foxfire!
You block the orc warrior's attack.
The foxfire hits the orc warrior but does no damage.
The orc warrior is heavily wounded.
The foxfire hits the orc warrior but does no damage.
The orc warrior is heavily wounded.
The orc warrior throws a stone.
The stone hits you.
Casting: Foxfire (safe; 1% risk of failure)
Confirm with . or Enter, or press ? or * to list all spells.
Flames lash the orc warrior but do no damage.
Casting: Foxfire (safe; 1% risk of failure)
Press: ? - help, Q - select action, (/) - cycle Dir - look around, f - activate You conjure some foxfire!
The orc warrior closely misses you.
The foxfire hits the orc warrior but does no damage.
The orc warrior is heavily wounded.
The foxfire hits the orc warrior but does no damage.
The orc warrior is heavily wounded.
The orc warrior throws a stone.
The stone hits you!
* * * LOW HITPOINT WARNING * * *
Casting: Foxfire (safe; 1% risk of failure)
Confirm with . or Enter, or press ? or * to list all spells.
Flames lash the orc warrior.
Flame seeps out of the orc warrior.
The orc warrior is almost dead.
The orc warrior's fire resistance burns away.
* * * LOW HITPOINT WARNING * * *
Casting: Scorch (safe; 1% risk of failure)
Confirm with . or Enter, or press ? or * to list all spells.
Flames lash the orc warrior.
The orc warrior is burned terribly!
* * * LOW HITPOINT WARNING * * *
The orc warrior explodes!
The fiery explosion engulfs you! You resist.
You die...

#....####......# #...##
####....≈≈ #..## ##
..>..≈≈≈≈ ##.#
##.###..#...≈≈≈≈ ###
#...#. ##....... #.....
..).... ....? ..)).#
##... #..###..)..##
.....
...#.§@§.......###.....
......§)§..#....#.......
.......§○.##..........#
###...###..#..........##
#..# ##.#..##....8..#
### ##..............#
#.....^.<.#######
#......##.# ####...####


There were no monsters in sight!

Vanquished Creatures
  2 vault guards (Bailey)
  Maurice (D:8)
  A troll (D:8)
  Prince Ribbit (Bailey)
  A wyvern (D:4)
  5 humans (Bailey)
  2 steam dragons (D:8)
  2 sky beasts (D:6)
  3 orc warriors
  A black bear (D:6)
  2 ice beasts
  A necrophage (D:6)
  4 ogres
  A phantom (D:6)
  2 centaurs
  14 bullfrogs
  5 killer bees (D:8)
  2 bullfrog zombies
  2 centaur zombies
  A centaur skeleton (D:7)
  2 bullfrog skeletons
  5 hounds
  4 jellies
  2 orc priests
  Jessica (D:3)
  2 iguanas
  4 orc wizards
  A hound zombie (D:5)
  7 gnolls (D:5)
  A howler monkey skeleton (D:5)
  7 adders
  3 shadow imps
  2 white imps
  7 worms
  A dart slug (D:2)
  24 orcs
  7 bats
  11 endoplasms
  4 giant cockroaches
  16 goblins
  5 hobgoblins
  A quokka (D:1)
  7 ball pythons
  6 frilled lizards
  5 kobolds
  5 rats
  2 butterflies (D:6)
195 creatures vanquished.

Vanquished Creatures (collateral kills)
  2 orcs (D:8)
  2 foxfires (D:4)
4 creatures vanquished.

Vanquished Creatures (others)
  1127 foxfires
  11 plants (D:6)
1138 creatures vanquished.

Grand Total: 1337 creatures vanquished

Notes
Turn   | Place    | Note
-------+----------+-------------------------------------------
     0 | D:1      | 101zpm the Djinni Fire Elementalist began the quest for the
                  | Orb.
     0 | D:1      | Reached XP level 1. HP: 15/15 MP: 0/0
   423 | D:1      | Reached XP level 2. HP: 15/21 MP: 0/0
  1563 | D:1      | Reached XP level 3. HP: 22/26 MP: 0/0
  1563 | D:1      | Learned a level 1 spell: Magic Dart
  1812 | D:1      | Reached skill level 3 in Spellcasting
  2171 | D:2      | Found a faded altar of an unknown god.
  2978 | D:2      | Reached XP level 4. HP: 28/31 MP: 0/0
  4631 | D:3      | Reached XP level 5. HP: 32/36 MP: 0/0
  4631 | D:3      | Learned a level 2 spell: Ensorcelled Hibernation
  4828 | D:3      | Noticed Jessica
  4832 | D:3      | Killed Jessica
  4833 | D:3      | Reached skill level 4 in Spellcasting
  5528 | D:4      | Found an opulent altar of Gozag.
  5840 | D:4      | Noticed a wyvern
  5847 | D:4      | Killed a wyvern
  5848 | D:4      | Reached skill level 5 in Spellcasting
  5848 | D:4      | Reached XP level 6. HP: 2/41 MP: 0/0
  6738 | D:4      | Reached XP level 7. HP: 39/46 MP: 0/0
  6738 | D:4      | Learned a level 3 spell: Ozocubu's Armour
  6876 | D:4      | Found a blossoming altar of Fedhas.
  6901 | D:4      | Noticed an oklob plant
  6947 | D:5      | Entered Level 5 of the Dungeon
  7206 | D:5      | Reached skill level 6 in Spellcasting
  7286 | D:5      | Reached XP level 8. HP: 25/51 MP: 0/0
  7914 | D:5      | Reached skill level 7 in Spellcasting
  8972 | D:6      | Reached XP level 9. HP: 52/56 MP: 0/0
  8972 | D:6      | Learned a level 3 spell: Spider Form
  8988 | D:6      | Reached skill level 8 in Spellcasting
  9617 | D:6      | Found a staircase to the Ecumenical Temple.
 10069 | D:6      | Identified the amulet of the Queen {Reflect rN+ Str+5 SH+5}
 10158 | D:6      | Reached skill level 9 in Spellcasting
 10344 | D:7      | Identified a scroll of acquirement
 10346 | D:7      | Acquired a staff of fire
 10467 | D:7      | Found a hide-covered altar of Uskayaw.
 10497 | D:7      | Reached skill level 1 in Fighting
 11089 | D:7      | Found a flagged portal.
 11089 | D:7      | Found a sparkling altar of Nemelex Xobeh.
 11099 | Bailey   | Entered a bailey
 11325 | Bailey   | Reached XP level 10. HP: 49/62 MP: 0/0
 11536 | Bailey   | Reached skill level 10 in Spellcasting
 11825 | Bailey   | Noticed a vault guard
 11831 | Bailey   | Killed a vault guard
 12063 | Bailey   | Noticed Prince Ribbit
 12063 | Bailey   | Noticed a vault guard
 12067 | Bailey   | Killed Prince Ribbit
 12073 | Bailey   | Killed a vault guard
 12074 | Bailey   | Reached skill level 11 in Spellcasting
 12380 | Bailey   | HP: 3/62 [spore (9)]
 13161 | D:8      | Reached XP level 11. HP: 61/67 MP: 0/0
 13161 | D:8      | Learned a level 4 spell: Summon Lightning Spire
 13592 | D:8      | Noticed Maurice
 13596 | D:8      | Reached skill level 12 in Spellcasting
 13597 | D:8      | Killed Maurice
 13649 | D:8      | Found Temypholor's Magic Scroll Shoppe.
 13684 | D:8      | Noticed Psyche
 13974 | D:8      | Killed by an exploding orc warrior... ignited by their
                  | inner flame

Illustrated notes

Levels and vault maps discovered:
D:1:      dpeg_arrival_arbitrary_a, layout_loops_ring, minmay_cut_off
D:2:      layout_basic, ebering_ecumenical_altar_abandoned,
          minmay_misc_feat_plants, minmay_tiny_reverse_x
D:3:      layout_rooms, minmay_bisected, uniq_jessica
D:4:      layout_loops_ring, pdpol_temple_overflow_zin_treasury_gozag_greed,
          tgw_fedhas, nicolae_wormholes
D:5:      minmay_angry_zag, layout_loops_ring
D:6:      layout_basic, minmay_temple_entry_butterflies, serial_corexii_hall,
          corexii_hall_statues_i, chequers_hall_statues_wall_a,
          corexii_hall_statues_x, corexii_hall_statues_i,
          chequers_decorated_corner, minmay_misc_feat_secret_circle,
          serial_bayou_pond_b, hangedman_decor_opposing,
          kennysheep_generic_room_14
D:7:      layout_rooms, mainiacjoe_overflow_concentric_impassable,
          mainiacjoe_overflow_24_doors, enter_bailey_3, st_stairs_14,
          minmay_misc_feat_tower
D:8:      layout_cave_pools, grunt_qazlal_sundering,
          lemuel_zombie_altar_yredelemnul, serial_shops,
          nicolae_shop_competitors_out_of_business, serial_column_ruins,
          column_ruins_hut_ruined, column_ruins_square_huge,
          column_ruins_open_small, column_ruins_open_tiny,
          column_ruins_open_tiny_water, column_ruins_columns_straight,
          column_ruins_grid_1, column_ruins_grid_1, grunt_decor_junction,
          uniq_maurice, uniq_psyche

Skill      XL: |  1  2  3  4  5  6  7  8  9 10 11 |
---------------+----------------------------------+-----
Spellcasting   | 3 5 6 7 9 11 12 | 12.2
Stealth        | 2 3 |  3.8
Fighting       | 1 |  1.5
Dodging        | 3 |  3.9
Shields        | |  0.8
Unarmed Combat | |  0.3

Action                   |  1- 3 |  4- 6 |  7- 9 | 10-12 || total
-------------------------+-------+-------+-------+-------++-------
Melee: Unarmed           |    14 |     6 |     1 |       ||    21
 Cast: Foxfire           |   138 |   250 |   212 |   111 ||   711
       Scorch            |     1 |     3 |    29 |    36 ||    69
       Inner Flame       |       |     2 |    49 |    28 ||    79
       Ozocubu's Armour  |       |       |     1 |     1 ||     2
       Summon Lightning  |       |       |       |     1 ||     1
  Use: Scroll            |       |       |     6 |       ||     6
Armor: Robe              |     2 |     2 |     3 |     3 ||    10
       Skin              |       |       |       |     1 ||     1
Dodge: Dodged            |    13 |    12 |    17 |    16 ||    58
Block: Other             |       |       |     4 |     6 ||    10
